 Dungeon Crawl Stone Soup version 0.21.0-22-g11d5b52 (webtiles) character file.

2 Monsterracer the Caller (level 1, 0/11 HPs)
             Began as a Gargoyle Summoner on Jan 18, 2018.
             Slain by a hobgoblin
             ... wielding a +0 club
              (3 damage)
             ... on level 1 of the Dungeon.
             The game lasted 00:00:36 (132 turns).

Monsterracer the Caller (Gargoyle Summoner)          Turns: 132, Time: 00:00:37

Health: 0/11       AC:  4    Str: 11    XL:     1   Next: 40%
Magic:  1/3        EV: 12    Int: 15    God:
Gold:   0          SH:  0    Dex: 10    Spells: 3/4 levels left

rFire    . . .     SeeInvis .   d - +0 club
rCold    . . .     Gourm    .   (no shield)
rNeg     + . .     Faith    .   a - +0 robe
rPois    ∞         Spirit   .   (no helmet)
rElec    +         Reflect  .   (no cloak)
rCorr    .         Harm     .   (no gloves)
MR       .....                  (no boots)
Stlth    ++........             (no amulet)
HPRegen  0.03/turn              (no ring)
MPRegen  0.08/turn              (no ring)

@: no status effects
A: negative energy resistance 1, electricity resistance, unbreathing,
petrification resistance, rot immunity, AC +2
a: no special abilities


You were on level 1 of the Dungeon.
You were not hungry.

You visited 1 branch of the dungeon, and saw 1 of its levels.

Inventory:

Hand Weapons
 d - a +0 club (weapon)
Armour
 a - a +0 robe (worn)
Books
 b - a book of Callings

   Spells                             Type                      Level
   a - Summon Small Mammal            Summoning                    1
   b - Call Imp                       Summoning                    2
   c - Call Canine Familiar           Summoning                    3
   d - Summon Guardian Golem          Hexes/Summoning              3
   e - Summon Lightning Spire         Summoning/Air                4
   f - Summon Ice Beast               Ice/Summoning                4
Comestibles
 c - a ration


   Skills:
 - Level 0.9 Fighting
 + Level 0.0 Maces & Flails
 - Level 1.5 Dodging
 - Level 2.1 Stealth
 - Level 2.0 Spellcasting
 - Level 3.6 Summonings


You had 3 spell levels left.
You knew the following spells:

 Your Spells              Type           Power        Failure   Level  Hunger
a - Summon Small Mammal   Summ           ##..         4%          1    #......


Dungeon Overview and Level Annotations

Branches:
Dungeon (1/15)

Altars:


Innate Abilities, Weirdness & Mutations

You are resistant to torment.
Your stone body is resilient. (AC +2)
You are immune to poison.
You resist negative energy. (rN+)
You are resistant to electric shocks. (rElec)
You can survive without breathing.
You are immune to petrification.
You are immune to rotting.


Message History

You barely miss the goblin.
The goblin is moderately wounded.
The goblin hits you.
You take 2 damage, and have 8/10 hp.
You hit the goblin but do no damage.
The goblin is moderately wounded.
The goblin barely misses you.
You barely miss the goblin.
The goblin is moderately wounded.
The goblin hits you.
You take 2 damage, and have 6/10 hp.
You are too injured to fight recklessly!
You hit the goblin.
You kill the goblin!
You barely miss the goblin. The goblin hits you with a club.
* * * LOW HITPOINT WARNING * * *
You take 2 damage, and have 5/11 hp.
You barely miss the goblin. The goblin hits you with a club.
* * * LOW HITPOINT WARNING * * *
You take 2 damage, and have 3/11 hp.
You closely miss the goblin. The goblin closely misses you.
You closely miss the goblin. The goblin hits you but does no damage.
Unknown command.
You hit the goblin.
The goblin is severely wounded.
The goblin barely misses you.
You barely miss the goblin.
The goblin is severely wounded.
Unknown command.
You hit the goblin.
You kill the goblin!
You see here a club.
Unknown command.
You see here a club.
d - a club Wield which item (- for none, * to show all)? (? for menu, Esc to quit)
d - a +0 club (weapon)
A hobgoblin comes into view. It is wielding a club.
You regained 2 hp, and now have 5/11 hp.
A hobgoblin is nearby!
You are too injured to fight recklessly!
A hobgoblin is nearby!
You are too injured to fight recklessly!
A hobgoblin comes into view. It is wielding a club.
The hobgoblin shouts!
A hobgoblin is nearby!
A hobgoblin comes into view. It is wielding a club.
You hit the hobgoblin.
The hobgoblin is severely wounded.
The hobgoblin misses you.
You hit the hobgoblin but do no damage.
The hobgoblin is severely wounded.
The hobgoblin hits you but does no damage. x2
You barely miss the hobgoblin.
The hobgoblin is severely wounded.
The hobgoblin hits you with a club.
* * * LOW HITPOINT WARNING * * *
The hobgoblin barely misses you.
You take 3 damage, and have 2/11 hp.
MASSIVE DAMAGE!!
Casting: Summon Small Mammal
Confirm with . or Enter, or press ? or * to list all spells.
Okay, then.
Casting: Summon Small Mammal
Confirm with . or Enter, or press ? or * to list all spells.
Okay, then.
Unknown command.
The hobgoblin misses you.
You see here a ration.
A goblin comes into view. It is wielding a club.
The goblin shouts!
You see here a ration.
That item cannot be evoked!
Casting: Summon Small Mammal
Confirm with . or Enter, or press ? or * to list all spells.
You now have 2/3 mp.
You swap places.
The hobgoblin hits your quokka with a club.
Your quokka closely misses the hobgoblin.
Your quokka completely misses the hobgoblin.
The hobgoblin hits your quokka with a club.
Your quokka dies!
Your quokka's corpse disappears in a puff of smoke!
Casting: Summon Small Mammal
Confirm with . or Enter, or press ? or * to list all spells.
You now have 1/3 mp.
Your rat barely misses the hobgoblin.
Your rat bites the hobgoblin but does no damage.
The hobgoblin barely misses your rat.
Casting: Summon Small Mammal
Confirm with . or Enter, or press ? or * to list all spells.
The hobgoblin hits you but does no damage.
You now have 0/3 mp.
Your rat bites the hobgoblin.
The goblin hits your rat but does no damage.
The hobgoblin hits your rat with a club.
The goblin hits your rat with a club.
You closely miss the hobgoblin.
The hobgoblin is severely wounded.
The hobgoblin hits you with a club.
You die...

# #####.. ###....
### ##..... ###...
#....###......
##...#......#
#..@#.....#
#..g#....##
#..r#....##
#..r#..<..### #
##...#......#######.
#....###...........
##...r..###...%.g.#
###..g.g..#######%
#####...........


You could see a hobgoblin and 2 friendly rats.

Vanquished Creatures
  2 goblins (D:1)
2 creatures vanquished.

Notes
Turn   | Place    | Note
-------+----------+-------------------------------------------
     0 | D:1      | Monsterracer the Gargoyle Summoner began the quest for the Orb.
     0 | D:1      | Reached XP level 1. HP: 10/10 MP: 3/3
    14 | D:1      | HP: 5/11 [goblin/club (2)]
    95 | D:1      | HP: 2/11 [hobgoblin/club (3)]
   132 | D:1      | Slain by a hobgoblin

Action                   || total
-------------------------++-------
Melee: Unarmed           ||    12
       Club              ||     4
 Cast: Summon Small Mamm ||     3
Armor: Robe              ||     3
Dodge: Dodged            ||     7

Vault maps used:
D:1:      dpeg_arrival_oval, corexii_corridor_pit
